 Dungeon Crawl Stone Soup version 0.28-b1-1-g3c77fb2ed1 (webtiles) character file.

Game seed: 11678230896556846327

36 Minsecho the Vexing (level 3, -2/33 HPs)
             Began as an Ogre Arcane Marksman on Jan 30, 2022.
             Succumbed to a scorpion's poison
             ... on level 2 of the Dungeon.
             The game lasted 00:03:21 (1636 turns).

Minsecho the Vexing (Ogre Arcane Marksman)          Turns: 1636, Time: 00:03:21

Health: -2/33      AC:  3    Str: 14    XL:     3   Next: 37%
Magic:  4/4        EV: 10    Int: 14    God:
Gold:   91         SH:  0    Dex: 11    Spells: 3/4 levels left

rFire   . . .      SeeInvis .   e - +0 whip
rCold   . . .      Faith    .   (no shield)
rNeg    . . .      Spirit   .   a - +0 robe
rPois   .          Reflect  .   (helmet restricted)
rElec   .          Harm     .   (no cloak)
rCorr   .          Rampage  .   (gloves unavailable)
Will    .....                   (boots unavailable)
Stlth   +.........              (no amulet)
HPRegen 0.11/turn               (no ring)
MPRegen 0.09/turn               (no ring)

@: lethally poisoned (-2 -> -16), invisible
A: large, unfitting armour, tough skin 1
a: no special abilities


You were on level 2 of the Dungeon.
You visited 1 branch of the dungeon, and saw 2 of its levels.

You collected 91 gold pieces.

Inventory:

Hand Weapons
 e - a +0 whip (weapon)
Missiles
 c - 2 throwing nets (quivered)
 l - 3 boomerangs
Armour
 a - a +0 robe (worn)
Scrolls
 d - 2 scrolls of identify {unknown}
 h - 2 scrolls of holy word {unknown}
 j - 3 scrolls of noise {unknown}
Potions
 i - a potion of brilliance {unknown}
 k - a potion of degeneration {unknown}


   Skills:
 + Level 1.6 Fighting
 + Level 1.2 Maces & Flails
 + Level 2.3 Throwing
 + Level 2.1 Dodging
 + Level 1.2 Spellcasting
 + Level 3.0 Hexes


You had 3 spell levels left.
You knew the following spells:

 Your Spells              Type           Power      Damage    Failure   Level
a - Slow                  Hex            36%        N/A       8%          1

Your spell library contained the following spells:

 Spells                   Type           Power      Damage    Failure   Level
 Inner Flame              Hex/Fire       5%         N/A       38%         3
 Portal Projectile        Hex/Tloc       10%        N/A       38%         3
 Cause Fear               Hex            4%         N/A       58%         4


Dungeon Overview and Level Annotations

Branches:
Dungeon (2/15)

Altars:


Innate Abilities, Weirdness & Mutations

You are too large for most types of armour.
You have tough skin. (AC +1)


Message History

Press: ? - help, Q - select action, (/) - cycle Shift-Dir - straight line, f/p - scorpion
Aim: a scorpion (heavily wounded, slow, 56% to hit)
You throw a large rock. The large rock hits the scorpion!
The scorpion is almost dead.
You barely miss the scorpion.
The scorpion is almost dead.
The scorpion stings you!
You closely miss the scorpion.
The scorpion is almost dead.
The scorpion is no longer moving slowly.
The scorpion stings you.
You are poisoned.
The scorpion poisons you!
Throw: 2 throwing nets
Press: ? - help, Q - select action, (/) - cycle Shift-Dir - straight line, f/p - scorpion
Aim: a scorpion (almost dead, 56% to hit)
Okay, then.
Throw: 3 boomerangs
Press: ? - help, Q - select action, (/) - cycle Shift-Dir - straight line, f/p - scorpion
Aim: a scorpion (almost dead, 56% to hit)
You throw a boomerang.
The boomerang hits the scorpion but does no damage.
The scorpion is almost dead.
You feel very sick. The scorpion stings you.
You are lethally poisoned!
The scorpion poisons you!
Throw: 2 throwing nets
Press: ? - help, Q - select action, (/) - cycle Shift-Dir - straight line, f/p - scorpion
Aim: a scorpion (almost dead, 56% to hit)
Okay, then.
It was a potion of magic.
Magic courses through your body.
You feel very sick. The scorpion stings you!
* * * LOW HITPOINT WARNING * * *
The scorpion stings you.
* * * LOW HITPOINT WARNING * * *
It was a potion of invisibility.
You fade into invisibility!
You die...

#...†.# #.# ####.###.##
#.# ....# #..# #.#
#.#.###..# #.##
##.#......# #..#
####....#.##.# ##.#
.....#....##.# ###.#####
##....#.##.#####........
##.#.#@##.#..<......###
#.#.#s##.#.#######.# #
#####.#.#(##.# # #.###
...........#.#.# #.#..
.####.###......# #....
#........#.# #.###
#####......# #....
#.####.#######.### !.#
.........###


You could see a scorpion.

Vanquished Creatures
  An ufetubus (D:2)
  2 worms (D:2)
  3 endoplasms
  A giant cockroach (D:1)
  4 goblins (D:1)
  3 kobolds (D:1)
  3 ball pythons (D:1)
  3 bats (D:1)
  2 frilled lizards
  4 rats
26 creatures vanquished.

Notes
Turn   | Place    | Note
-------+----------+-------------------------------------------
     0 | D:1      | Minsecho the Ogre Arcane Marksman began the quest for the
                  | Orb.
     0 | D:1      | Reached XP level 1. HP: 19/19 MP: 2/2
     2 | D:1      | Noticed a vine stalker
     2 | D:1      | Noticed a draconian
     4 | D:1      | Noticed a human
     4 | D:1      | Noticed an ogre
     6 | D:1      | Noticed a naga
     8 | D:1      | Noticed a spriggan
     8 | D:1      | Noticed a felid
    10 | D:1      | Noticed a formicid
    12 | D:1      | Noticed a ghoul
    14 | D:1      | Noticed a demonspawn
    14 | D:1      | Noticed a gargoyle
    16 | D:1      | Noticed a dwarf
    18 | D:1      | Noticed a merfolk
    18 | D:1      | Noticed a minotaur
    20 | D:1      | Noticed an octopode
    22 | D:1      | Noticed an elf
    22 | D:1      | Noticed a troll
    24 | D:1      | Noticed a vampire
    24 | D:1      | Noticed a demigod
    26 | D:1      | Noticed a tengu
   263 | D:1      | Reached XP level 2. HP: 27/27 MP: 3/3
   541 | D:1      | Reached skill level 3 in Hexes
  1002 | D:2      | Reached skill level 1 in Maces & Flails
  1002 | D:2      | Reached XP level 3. HP: 15/33 MP: 4/4
  1600 | D:2      | Noticed a scorpion
  1635 | D:2      | HP: 1/33 [scorpion (2)]
  1636 | D:2      | Succumbed to a scorpion's poison

Illustrated notes

Levels and vault maps discovered:
D:1:      kb_arrival_jail, layout_rooms, kennysheep_flooded_box
D:2:      layout_loops_ring, chequers_ecumenical_altar_lobes

Skill      XL: |  1  2 |
---------------+-------+-----
Dodging        | 2 |  2.1
Hexes          | 3 |  3.0
Maces & Flails | 1 |  1.2
Fighting       | |  1.6
Throwing       | |  2.3
Spellcasting   | |  1.2

Action                   || total
-------------------------++-------
Melee: Unarmed           ||     8
       Club              ||     7
       Whip              ||    97
Throw: Large rock        ||    11
       Boomerang         ||     1
 Cast: Slow              ||     4
  Use: Potion            ||     2
 Stab: Sleeping          ||     1
Armor: Robe              ||    37
Dodge: Dodged            ||    68
